 Dungeon Crawl Stone Soup version 0.22.1-1-ga44c0e56f4 (webtiles) character file.

283 NochnoyZador the Ruffian (level 6, 0/59 HPs)
             Began as a Troll Monk on Oct 16, 2018.
             Succumbed to an orc wizard's poison
             ... on level 3 of the Dungeon.
             The game lasted 00:07:37 (1782 turns).

NochnoyZador the Ruffian (Troll Monk)               Turns: 1782, Time: 00:07:37

Health: 0/59       AC:  5    Str: 22    XL:     6   Next: 7%
Magic:  5/5        EV: 10    Int:  6    God:
Gold:   148        SH:  0    Dex: 12    Spells: 5/5 levels left

rFire    . . .     SeeInvis .     - Unarmed
rCold    . . .     Gourm    +   (no shield)
rNeg     . . .     Faith    .   a - +0 robe
rPois    .         Spirit   .   (helmet restricted)
rElec    .         Reflect  .   (no cloak)
rCorr    .         Harm     .   (gloves unavailable)
MR       .....                  (boots unavailable)
Stlth    ++........             (no amulet)
HPRegen  0.59/turn              (no ring)
MPRegen  0.09/turn              (no ring)

@: lethally poisoned (0 -> 0)
A: large, unfitting armour, claws 3, fast metabolism 3, gourmand, regeneration
1, shaggy fur 1, tough skin 2
a: no special abilities


You were on level 3 of the Dungeon.
You were completely stuffed.

You visited 1 branch of the dungeon, and saw 3 of its levels.

You collected 148 gold pieces.

Inventory:

Missiles
 c - 116 stones (quivered)
Armour
 a - a +0 robe (worn)
Jewellery
 g - a cursed ring of teleportation {unknown}
Scrolls
 d - a scroll of teleportation
 e - 2 scrolls of noise {unknown}
 h - a scroll of enchant armour {unknown}
 k - a scroll of fog {unknown}
 m - a scroll of enchant weapon {unknown}
 n - a scroll of remove curse {unknown}
Potions
 f - 2 potions of haste {unknown}
 j - a potion of mutation {unknown}
 l - a potion of cancellation {unknown}
Comestibles
 b - 3 rations
 i - 8 chunks of flesh


   Skills:
 - Level 2.4 Fighting
 - Level 2.4 Dodging
 - Level 1.0 Stealth
 * Level 6.9 Unarmed Combat


You had 5 spell levels left.
You didn't know any spells.
Your spell library contained the following spells:

 Spells                   Type           Power        Failure   Level  Hunger
 Animate Skeleton         Necr           N/A          45%         1    ##.....
 Apportation              Tloc           #.....       45%         1    ##.....
 Confusing Touch          Hex            #.....       45%         1    ##.....
 Summon Small Mammal      Summ           #...         45%         1    ##.....


Dungeon Overview and Level Annotations

Branches:
Dungeon (3/15)

Altars:
Qazlal


Innate Abilities, Weirdness & Mutations

You are too large for most types of armour.
You have claws for hands.
Your metabolism is lightning-fast.
You like to eat raw meat.
Your natural rate of healing is unusually fast.
You are covered in fur. (AC +1)
You have very tough skin. (AC +2)


Message History

* * * LOW HITPOINT WARNING * * *
You feel sick.
Things that are here:
a whip; a leather armour; an orc corpse
* * * LOW HITPOINT WARNING * * *
You feel sick.
Things that are here:
a dagger; a robe; 14 gold pieces
* * * LOW HITPOINT WARNING * * *
You feel sick.
You're too full to eat anything.
* * * LOW HITPOINT WARNING * * *
You feel sick.
* * * LOW HITPOINT WARNING * * *
You feel sick.
* * * LOW HITPOINT WARNING * * *
You feel sick.
* * * LOW HITPOINT WARNING * * *
You feel sick.
You die...

... .... #...
#...########## #########
....'........######........
#...#...)..................
# #.)).....#...##........
#>...).).'............>
##....@..#...##........
#.......######........
######### #........
#........ ####........
#........### #...........
#..(........ #...........


There were no monsters in sight!

Vanquished Creatures
  An ogre (D:3)
  3 orc wizards (D:3)
  4 gnolls
  An adder (D:2)
  A worm (D:2)
  2 dart slugs (D:2)
  A leopard gecko (D:3)
  6 orcs (D:3)
  3 giant cockroaches
  7 goblins
  5 hobgoblins
  A jackal (D:3)
  6 kobolds
  A quokka (D:3)
  4 ball pythons
  4 bats
  3 frilled lizards
  7 rats
60 creatures vanquished.

Notes
Turn   | Place    | Note
-------+----------+-------------------------------------------
     0 | D:1      | NochnoyZador the Troll Monk began the quest for the Orb.
     0 | D:1      | Reached XP level 1. HP: 22/22 MP: 0/0
   495 | D:1      | Reached XP level 2. HP: 28/29 MP: 1/1
   657 | D:1      | Reached skill level 4 in Unarmed Combat
   749 | D:2      | Reached XP level 3. HP: 33/36 MP: 2/2
   864 | D:2      | Found a stormy altar of Qazlal.
  1302 | D:3      | Reached skill level 5 in Unarmed Combat
  1302 | D:3      | Reached XP level 4. HP: 35/44 MP: 3/3
  1463 | D:3      | Noticed an ogre
  1467 | D:3      | Killed an ogre
  1467 | D:3      | Reached skill level 6 in Unarmed Combat
  1467 | D:3      | Reached XP level 5. HP: 50/50 MP: 4/4
  1768 | D:3      | Reached XP level 6. HP: 8/59 MP: 5/5
  1775 | D:3      | HP: 2/59 [poisoned by an orc wizard]
  1781 | D:3      | HP: 1/59 [poisoned by an orc wizard]
  1782 | D:3      | Succumbed to an orc wizard's poison

Skill      XL: |  1  2  3  4 |
---------------+-------------+-----
Unarmed Combat | 4 5 6 |  6.9
Fighting       | |  2.4
Dodging        | |  2.4
Stealth        | |  1.0

Action                   |  1- 3 |  4- 6 || total
-------------------------+-------+-------++-------
Melee: Unarmed           |    69 |    74 ||   143
       Punch             |     1 |     1 ||     2
  Use: Scroll            |       |     1 ||     1
 Stab: Sleeping          |     1 |       ||     1
  Eat: Chunk             |    17 |     5 ||    22
Armor: Robe              |    22 |    27 ||    49
Dodge: Dodged            |    37 |    39 ||    76
